 Dungeon Crawl Stone Soup version 0.30-a0-715-gdb4ae3ece1 (webtiles) character file.

Game seed: 1789452308120109249

15 drugrobin the Sneak (level 2, -6/25 HPs)
             Began as a Demigod Delver on Jan 24, 2023.
             Mangled by a worm (10 damage)
             ... on level 2 of the Dungeon.
             The game lasted 00:02:28 (421 turns).

drugrobin the Sneak (Demigod Delver)                 Turns: 421, Time: 00:02:28

Health: -6/25      AC:  3    Str: 13    XL:     2   Next: 21%
Magic:  4/4        EV: 11    Int: 12    God:
Gold:   22         SH:  0    Dex: 15    Spells: 1/1 levels left

rFire   . . .      SeeInvis .      - Unarmed
rCold   . . .      Faith    .    (no shield)
rNeg    . . .      Spirit   .    a - +0 leather armour
rPois   .          Reflect  .    (no helmet)
rElec   .          Harm     .    (no cloak)
rCorr   .          Rampage  .    (no gloves)
Will    .....                    (no boots)
Stlth   +++                      (no amulet)
HPRegen 0.24/turn                (no ring)
MPRegen 0.09/turn                (no ring)

@: no status effects
A: high MP 1, forlorn, divine attributes
a: no special abilities


You were on level 2 of the Dungeon.
You visited 1 branch of the dungeon, and saw 4 of its levels.

You collected 22 gold pieces.

Inventory:

Missiles
 j - 3 stones (quivered)
Armour
 a - a +0 leather armour (worn)
Jewellery
 k - a ring of wizardry
Wands
 f - a wand of digging (2)
Scrolls
 b - a scroll of fog
 c - a scroll of magic mapping
 d - a scroll of noise {unknown}
 h - a scroll of enchant weapon {unknown}
Potions
 e - a potion of haste
 g - a potion of degeneration {unknown}
 i - a potion of might {unknown}


   Skills:
 - Level 2.6 Fighting
 - Level 1.7 Dodging
 - Level 4.5 Stealth
 + Level 2.7 Unarmed Combat


You had one spell level left.
You didn't know any spells.
Your spell library was empty.

Dungeon Overview and Level Annotations

Branches:
Dungeon (5/15)
 Temple: D:4-7


Innate Abilities, Weirdness & Mutations

You have an increased reservoir of magic. (+10% MP)
You shall have no god before yourself.
Your divine heritage dramatically boosts your attributes as you level up.


Message History

Found a scroll labelled VONICKOIJA.
The endoplasm quivers.
Found a scroll labelled DEFOTUITOSH.
Unknown command.
You see here a ring of wizardry.
Unknown command.
Unknown command.
Unknown command.
k - a ring of wizardry The endoplasm barely misses you.
Unknown command.
The adder hisses angrily.
You hit the worm.
The worm is moderately wounded.
The endoplasm hits you but does no damage.
You hit the worm.
The worm is moderately wounded.
The worm misses you. The endoplasm freezes you.
You are frozen.
You barely miss the worm.
The worm is moderately wounded.
The endoplasm hits you.
You barely miss the worm.
The worm is moderately wounded.
The worm barely misses you. The endoplasm freezes you.
You are frozen.
You hit the worm.
The worm is heavily wounded.
The endoplasm hits you.
You hit the worm.
The worm is almost dead.
The worm bites you!
* * * LOW HITPOINT WARNING * * *
The endoplasm closely misses you.
You hit the worm.
The worm is almost dead.
The worm bites you!
You die...

............?...
...............
.............#
..............S.#
................#
................#
.......$..#S###.#
r......##J#
......##@#
.##...##w#
#.##...##.#
#.##...##.#
#.##...##.###.###
#.##............. #
#.##............)
#.#.#............##
#.#.#............>.


You could see a worm, an adder and an endoplasm.

Vanquished Creatures
  An adder (D:3)
  A goblin (D:3)
  A hobgoblin (D:2)
  A kobold (D:4)
  A quokka (D:3)
  A rat (D:3)
6 creatures vanquished.

Notes
Turn   | Place    | Note
-------+----------+-------------------------------------------
     0 | D:5      | drugrobin the Demigod Delver began the quest for the Orb.
     0 | D:5      | Reached XP level 1. HP: 18/18 MP: 3/3
    33 | D:4      | Noticed a necrophage
   117 | D:3      | Reached XP level 2. HP: 6/25 MP: 4/4
   225 | D:3      | HP: 1/25 [goblin/+0 club (3)]
   421 | D:2      | Mangled by a worm

Illustrated notes

Levels and vault maps discovered:
D:2:      layout_basic, uniq_terence
D:3:      layout_loops_corners, serial_undead, serial_undead_f, serial_undead_a,
          serial_undead_a, serial_undead_d, shapermc_ecumenical_altar_flowoftime
D:4:      layout_basic, nicolae_overflow_hidden_temple,
          grunt_decor_mini_mirrors, hangedman_abyss_or_decor_stabs
D:5:      layout_gridville, nicolae_shop_vocational, uniq_pikel

Skill      XL: |  1 |
---------------+----+-----
Unarmed Combat | 2 |  2.7
Fighting       | |  2.6
Dodging        | |  1.7
Stealth        | |  4.5

Action                     || total
---------------------------++-------
  Melee: Unarmed           ||    52
  Throw: Stone             ||     1
  Evoke: Wand              ||     1
    Use: Scroll            ||     1
 Armour: Leather armour    ||    20
  Dodge: Dodged            ||    29

Table legend: (Time is in decaauts)
 A = Elapsed time spent in this place.
 B = Non-inter-level travel time spent in this place.
 C = Inter-level travel time spent in this place.
 D = Time resting spent in this place.
 E = Time spent auto-exploring this place.
 F = Levels seen in this place.
 G = Mean time per level.
                   A        B        C        D        E       F      G
               +--------+--------+--------+--------+--------+-----+--------+
         Total |    419 |    419 |      0 |    174 |     64 |   4 |  104.8 |
       Dungeon |    419 |    419 |      0 |    174 |     64 |   4 |  104.8 |
               +--------+--------+--------+--------+--------+-----+--------+

Top non-repeatable levels by time:
     D:3: 266 daAuts
     D:2: 81 daAuts
     D:4: 49 daAuts
     D:5: 22 daAuts
